 Dungeon Crawl Stone Soup version 0.31-a0-1388-g4b2ba238e7 (webtiles) character file.

Game seed: 3448178479162918496

200 MisterAzrael the Chopper (level 5, 0/45 HPs)
             Began as a Hill Orc Fighter on Dec 25, 2023.
             Slain by Menkaure (5 damage)
             ... on level 4 of the Dungeon.
             The game lasted 00:04:55 (3576 turns).

MisterAzrael the Chopper (Hill Orc Fighter)         Turns: 3576, Time: 00:04:55

Health: 0/45       AC:  6    Str: 21    XL:     5   Next: 79%
Magic:  5/5        EV:  9    Int:  8    God:
Gold:   147        SH:  4    Dex: 10    Spells: 4/4 levels left

rFire   . . .        t - +2 hand axe (venom)
rCold   . . .        c - +0 buckler
rNeg    . . .        b - +0 scale mail
rPois   .            (no helmet)
rElec   .            (no cloak)
rCorr   .            (no gloves)
SInv    .            (no boots)
Will    .....        (no amulet) Stlth
                     (no ring)
HPRegen 0.27/turn    (no ring)
MPRegen 0.09/turn

%: no passive effects
@: mighty
A: no striking features
a: no special abilities


You were on level 4 of the Dungeon.
You visited 1 branch of the dungeon, and saw 4 of its levels.

You collected 147 gold pieces.

Inventory:

Hand Weapons
 a - a +0 war axe
 t - a +2 hand axe of venom (weapon)
Armour
 b - a +0 scale mail (worn)
 c - a +0 buckler (worn)
Magical Staves
 k - a staff of death
Jewellery
 i - a +6 ring of dexterity
Scrolls
 e - a scroll of enchant weapon {unknown}
 g - 6 scrolls of identify {unknown}
 l - a scroll of blinking {unknown}
 r - 2 scrolls of silence {unknown}
 s - a scroll of poison {unknown}
 u - a scroll of teleportation {unknown}
Potions
 d - a potion of might
 f - a potion of enlightenment {unknown}
 h - a potion of berserk rage {unknown}
 j - a potion of resistance {unknown}
 m - a potion of haste {unknown}
 n - a potion of mutation {unknown}
 o - a potion of curing
 p - a potion of heal wounds {unknown}
 q - a potion of ambrosia {unknown}


   Skills:
 - Level 3.6 Fighting
 + Level 7.7 Axes
 - Level 3.2 Armour
 - Level 3.2 Shields


You had 4 spell levels left.
You didn't know any spells.
Your spell library contained the following spells:

 Spells                   Type           Power      Damage    Failure   Level
 Call Imp                 Summ           0%         N/A       91%         2
 Ensorcelled Hibernation  Hex/Ice        0%         N/A       91%         2
 Passwall                 Alch/Erth      0%         N/A       91%         2
 Sublimation of Blood     Necr           0%         N/A       91%         2
 Fugue of the Fallen      Necr           0%         N/A       99%         3
 Ozocubu's Armour         Ice            0%         N/A       99%         3
 Swiftness                Air            0%         N/A       99%         3
 Manifold Assault         Tloc           0%         N/A       100%        4
 Summon Hydra             Summ           0%         N/A       100%        7


Dungeon Overview and Level Annotations

Branches:
Dungeon (4/15)
 Temple: D:4-7

Altars:

Annotations:
D:4 Menkaure


Message History

You see here a scroll labelled XIZILAAKKO.
A goblin comes into view. It is wielding a +0 club.
The goblin shouts!
Found an escape hatch in the ceiling.
The hobgoblin barely misses you.
You closely miss the hobgoblin. You hit the hobgoblin.
The hobgoblin is poisoned.
The hobgoblin is lightly wounded.
The hobgoblin hits you but does no damage.
You hit the hobgoblin.
You kill the hobgoblin!
You closely miss the goblin. The goblin closely misses you.
You slash the goblin!
You kill the goblin!
No target in view!
No target in view!
g - 6 scrolls labelled XIZILAAKKO (gained 1) Menkaure, Prince of Dust comes into view.
Menkaure shouts!
Menkaure gestures wildly while chanting.
Menkaure seems to speed up.
Menkaure is nearby!
Menkaure is nearby!
You see here a +0 club.
Menkaure calls on the powers of darkness!
Your body is wracked with pain!
Menkaure barely misses you. You block Menkaure's attack.
You hit Menkaure.
Menkaure is lightly damaged.
Menkaure hits you!
You are too injured to fight recklessly!
You are too injured to fight recklessly!
Menkaure points at you and mumbles some strange words.
Pain shoots through your body!
* * * LOW HITPOINT WARNING * * *
You feel very mighty all of a sudden.
Menkaure calls on the powers of darkness!
Your body is wracked with pain!
* * * LOW HITPOINT WARNING * * *
Menkaure hits you.
You die...

......... .....##..
........<. .###....#
......... .# ..#.#.
#......### .### .#
#.##.....!...
.^..... ...........#
#####.###.#........#
#.###.#....###.###.#
#...#.#..)..@M......
#≈.≈#.#.#..##......#
#≈.≈#...#..# .......
## #≈.≈.......#
.####.# .#
#≈≈≈..........# #
.#####..######.####
...# #..# #.# .###
#..# ..#
.#####..######


You could see Menkaure (fast).

Vanquished Creatures
  A sleepcap (D:4)
  2 orc wizards
  3 worms
  2 dart slugs
  11 orcs
  11 endoplasms
  5 giant cockroaches
  7 goblins
  5 hobgoblins
  12 jackals
  3 quokkas (D:1)
  8 ball pythons
  2 bats
  6 frilled lizards
  8 kobolds
  8 rats
94 creatures vanquished.

Notes
Turn   | Place    | Note
-------+----------+-------------------------------------------
     0 | D:1      | MisterAzrael the Hill Orc Fighter began the quest for the
                  | Orb.
     0 | D:1      | Reached XP level 1. HP: 19/19 MP: 1/1
    89 | D:1      | Reached skill level 3 in Axes
   188 | D:1      | Reached XP level 2. HP: 19/26 MP: 2/2
   331 | D:1      | Reached skill level 4 in Axes
   450 | D:1      | Reached XP level 3. HP: 21/31 MP: 3/3
   652 | D:1      | Reached skill level 5 in Axes
  1447 | D:2      | Reached XP level 4. HP: 34/39 MP: 4/4
  2173 | D:3      | Reached skill level 6 in Axes
  2287 | D:3      | Reached XP level 5. HP: 15/45 MP: 5/5
  3144 | D:4      | Reached skill level 7 in Axes
  3568 | D:4      | Noticed Menkaure
  3576 | D:4      | Slain by Menkaure

Illustrated notes

Levels and vault maps discovered:
D:1:      dpeg_arrival_renting, layout_basic
D:2:      layout_loops_ring, roderic_lattice_a
D:3:      layout_basic
D:4:      layout_basic, nicolae_sif_muna_condensation, serial_rivers,
          chequers_serial_rivers_micro_e, chequers_serial_rivers_small_a,
          chequers_serial_rivers_room_b, chequers_serial_rivers_micro_e,
          chequers_serial_rivers_micro_d, chequers_serial_rivers_large_b,
          uniq_menkaure

Skill      XL: |  1  2  3  4  5 |
---------------+----------------+-----
Axes           | 3 4 5 6 7 |  7.7
Fighting       | |  3.6
Armour         | |  3.2
Shields        | |  3.2

Action                     |  1- 3 |  4- 6 || total
---------------------------+-------+-------++-------
  Melee: War axe           |   150 |   105 ||   255
         Hand axe          |       |    36 ||    36
    Use: Potion            |       |     2 ||     2
 Armour: Scale mail        |   105 |    89 ||   194
  Dodge: Dodged            |    84 |    54 ||   138
  Block: Buckler           |    40 |    21 ||    61

Table legend: (Time is in decaauts)
 A = Elapsed time spent in this place.
 B = Non-inter-level travel time spent in this place.
 C = Inter-level travel time spent in this place.
 D = Time resting spent in this place.
 E = Time spent auto-exploring this place.
 F = Levels seen in this place.
 G = Mean time per level.
                   A        B        C        D        E       F      G
               +--------+--------+--------+--------+--------+-----+--------+
         Total |   3644 |   3542 |    102 |    536 |   2367 |   4 |  911.0 |
       Dungeon |   3644 |   3542 |    102 |    536 |   2367 |   4 |  911.0 |
               +--------+--------+--------+--------+--------+-----+--------+

Top non-repeatable levels by time:
     D:3: 1083 daAuts
     D:1: 1079 daAuts
     D:2: 1022 daAuts
     D:4: 458 daAuts
